 Dungeon Crawl Stone Soup version 0.28-a0-695-gff097466f2 (webtiles) character file.

Game seed: 17166085809232421621

22907 Essalna the Fighter (level 13, 0/83 HPs)
             Began as a Gargoyle Fire Elementalist on Oct 22, 2021.
             Was an Elder of Vehumet.
             Slain by a catoblepas (23 damage)
             ... on level 3 of the Lair of Beasts.
             The game lasted 00:50:23 (18980 turns).

Essalna the Fighter (Gargoyle Fire Elementalist)   Turns: 18980, Time: 00:50:24

Health: 0/83       AC: 18    Str: 12    XL:     13   Next: 3%
Magic:  5/26       EV: 18    Int: 21    God:    Vehumet [****..]
Gold:   622        SH:  0    Dex: 10    Spells: 18/30 levels left

rFire   . . .      SeeInvis +   w - +3 short sword (elec)
rCold   . . .      Faith    .   (no shield)
rNeg    + + .      Spirit   .   E - +1 robe {rN+}
rPois   ∞          Reflect  .   I - +1 helmet {SInv}
rElec   +          Harm     .   (no cloak)
rCorr   .          Rampage  .   P - +2 pair of gloves
Will    .....                   (no boots)
Stlth   ++........              (no amulet)
HPRegen 0.23/turn               N - ring of wizardry
MPRegen 0.20/turn               u - +4 ring of evasion

@: no status effects
A: sickness immunity, AC +9, negative energy resistance 1, electricity
resistance, torment resistance 1, petrification resistance
a: Renounce Religion


You were on level 3 of the Lair of Beasts.
You worshipped Vehumet.
Vehumet was greatly pleased with you.
You visited 3 branches of the dungeon, and saw 14 of its levels.

You collected 622 gold pieces.

Inventory:

Hand Weapons
 b - a +0 dagger
 c - a +0 dagger of speed
 f - a +0 dagger of venom
 o - a +2 dagger of venom
 v - a +0 dire flail of holy wrath
 w - a +3 short sword of electrocution (weapon)
 J - the +5 morningstar of Fimbulwinter {vorpal, Stlth+}
   (You found it on level 8 of the Dungeon)

   It inflicts extra damage upon your enemies.
   Stlth:     It makes you more stealthy.
Armour
 a - a +0 robe
 E - a +1 robe of positive energy (worn)
 H - a +1 helmet
 I - a +1 helmet of see invisible (worn)
 P - a +2 pair of gloves (worn)
 T - a +1 robe of cold resistance
Magical Staves
 e - a staff of earth
Jewellery
 p - a ring of protection from fire
 q - a ring of ice
 u - a +4 ring of evasion (right hand)
 y - a ring of wizardry
 B - a ring of resist corrosion
 F - a ring of protection from cold
 L - a ring of ice
 N - a ring of wizardry (left hand)
 O - a ring of protection from fire
 R - a +6 ring of dexterity
 S - a ring of see invisible
Wands
 r - a wand of paralysis (10)
 t - a wand of polymorph (21)
 G - a wand of mindburst (6)
 Q - a wand of iceblast (11)
Scrolls
 j - a scroll of enchant weapon
 k - a scroll of teleportation
 n - 4 scrolls of amnesia
 z - 2 scrolls of silence
 A - 2 scrolls of blinking
 U - a scroll of fear {unknown}
Potions
 d - 12 potions of ambrosia
 g - 5 potions of flight {unknown}
 h - 4 potions of brilliance {unknown}
 i - 3 potions of heal wounds {unknown}
 l - 9 potions of curing {unknown}
 m - a potion of haste
 s - 2 potions of lignification
 x - 2 potions of cancellation {unknown}
 C - a potion of attraction {unknown}
 D - a potion of degeneration {unknown}
 K - a potion of might {unknown}
 M - 2 potions of mutation {unknown}


   Skills:
 + Level 10.7 Fighting
 - Level 4.0 Armour
 + Level 7.5 Dodging
 - Level 2.1 Stealth
 + Level 9.4 Spellcasting
 + Level 10.0 Conjurations
 + Level 10.5 Fire Magic


You had 18 spell levels left.
You knew the following spells:

 Your Spells              Type           Power      Damage    Failure   Level
a - Foxfire               Conj/Fire      100%       2x1d9     1%          1
b - Scorch                Fire           100%       2d10      1%          2
c - Flame Wave            Conj/Fire      52%        3d10      1%          4
d - Fireball              Conj/Fire      26%        3d12      1%          5

Your spell library contained the following spells:

 Spells                   Type           Power      Damage    Failure   Level
 Ignite Poison            Fire/Tmut/Pois 24%        N/A       1%          3
 Sandblast                Erth           18%        2d7       1%          1
 Conjure Flame            Conj/Fire      52%        6-21      1%          3
 Inner Flame              Hex/Fire       32%        N/A       1%          3
 Stone Arrow              Conj/Erth      62%        3d10      1%          3
 Iskenderun's Battlesphe  Conj           51%        2d10      1%          5
 Frozen Ramparts          Ice            18%        1d3       2%          3
 Passwall                 Tmut/Erth      7%         N/A       4%          2
 Orb of Destruction       Conj           25%        9d10      11%         7
 Conjure Ball Lightning   Conj/Air       15%        3x3d6     14%         6
 Animate Dead             Necr           4%         N/A       26%         4
 Ice Form                 Ice/Tmut       9%         N/A       26%         4
 Summon Ice Beast         Ice/Summ       9%         N/A       26%         4
 Summon Lightning Spire   Summ/Air       9%         N/A       26%         4
 Borgnjor's Vile Clutch   Necr/Erth      4%         N/A       56%         5
 Summon Mana Viper        Hex/Summ       9%         N/A       56%         5
 Death Channel            Necr           4%         N/A       98%         6
 Monstrous Menagerie      Summ           4%         N/A       100%        7
 Storm Form               Tmut/Air       4%         N/A       100%        7
 Maxwell's Capacitive Co  Air            4%         ∞         100%        8


Dungeon Overview and Level Annotations

Branches:
Dungeon (10/15)            Temple (1/1) D:5            Lair (3/6) D:9
 Shoals (0/4) Lair:2       Spider (0/4) Lair:2          Orc (0/2) D:9

Altars:
Ashenzari
Cheibriados
Dithmenos
Elyvilon
Fedhas
Gozag
Hepliaklqana
Kikubaaqudgha
Makhleb
Nemelex Xobeh
Okawaru
Qazlal
Ru
Sif Muna
Trog
Uskayaw
Vehumet
Wu Jian
Xom
Yredelemnul
Zin
The Shining One
Beogh

Shops:
D:2 (

Annotations:
Lair:3 Gastronok


Innate Abilities, Weirdness & Mutations

You are immune to sickness and miasma.
Your stone body is resilient. (AC +9)
You are immune to poison.
You resist negative energy. (rN+)
You are resistant to electric shocks. (rElec)
You are resistant to unholy torment.
You are immune to petrification.


Message History

Vehumet accepts your kill.
You feel your power returning.
The flame wave engulfs the catoblepas.
The catoblepas is heavily wounded.
The flame wave engulfs the plant!
The plant is heavily damaged.
The plant is engulfed in a cloud of scalding steam. x4
A nearby plant withers and dies.
The catoblepas closely misses you.
Gastronok the Ponderous comes into view.
A wave of flame ripples out!
The flame wave engulfs the catoblepas.
The catoblepas is severely wounded.
The flame wave engulfs the plant!!
The plant is heavily damaged.
The plant is engulfed in a cloud of scalding steam.
A nearby plant withers and dies.
The plant is engulfed in a cloud of scalding steam. x2
A nearby plant withers and dies.
The catoblepas gores you!
A wave of flame ripples out!
The flame wave engulfs the catoblepas!
The catoblepas is severely wounded.
You finish channelling waves of flame.
The plant is engulfed in a cloud of scalding steam.
A nearby plant withers and dies.
The catoblepas gores you!
* * * LOW HITPOINT WARNING * * *
Casting: Flame Wave (safe; 1% risk of failure)
Confirm with . or Enter, or press ? or * to list all spells.
Flames lash the catoblepas.
The catoblepas is severely wounded.
The catoblepas's fire resistance burns away.
The catoblepas barely misses you.
Casting: Scorch (safe; 1% risk of failure)
Confirm with . or Enter, or press ? or * to list all spells.
Flames lash the catoblepas.
The catoblepas is burned terribly!
The catoblepas is almost dead.
The catoblepas breathes a plume of calcifying dust at you.
The blast of calcifying dust hits you but does no damage.
Casting: Scorch (safe; 1% risk of failure)
Confirm with . or Enter, or press ? or * to list all spells.
Flames lash the catoblepas.
The catoblepas is burned terribly!
The catoblepas is almost dead.
The catoblepas gores you!!
You die...

.....P.###. .....###
##......≈≈#♣ ###..#
#.......†≈≈♣
.#...######....w..§§♣♣##
#.#.....##........§§≈≈P#
..................§≈§≈♣#
#....[............§§§P≈#
##..............Y..§§.#
.##.............@#
..#.............§#
................§##
#...#.............#
#...#.............#
#8.<#.###........##
#...### #)........#
#..#### #........##
...#..# #........#


You could see Gastronok and a catoblepas (combustible).

Vanquished Creatures
  Fannar (Lair:3)
  4 hydras
  Erica (D:9)
  The ghost of waddelsworth the Basher, a novice MiFi of Qazlal (D:9)
  6 black mambas
  8 cane toads
  A rime drake (Lair:3)
  Psyche (D:8)
  4 komodo dragons
  A jumping spider (Lair:2)
  A queen bee (Lair:3)
  3 trolls
  A polar bear (Lair:3)
  Prince Ribbit (D:9)
  A redback (Lair:2)
  6 wyverns
  12 yaks
  A basilisk (Lair:3)
  2 steam dragons (D:8)
  A warg (D:9)
  Edmund (D:6)
  6 water moccasins
  12 orc warriors
  A sky beast (D:6)
  2 ice beasts
  2 necrophages
  26 wolves
  3 ogres
  3 centaurs
  A phantom (D:6)
  2 kobold brigands
  8 bullfrogs
  27 killer bees
  7 wights (D:7)
  3 electric eels
  A howler monkey (D:4)
  A centaur zombie (D:9)
  7 orc priests
  A bullfrog zombie (D:6)
  3 hounds
  3 gnoll shamans
  A centaur skeleton (D:7)
  3 iguanas
  6 orc wizards
  A killer bee zombie (D:7)
  A hound zombie (D:5)
  A howler monkey zombie (D:6)
  13 gnolls
  8 adders
  4 shadow imps
  A white imp (D:6)
  An adder skeleton (D:4)
  2 worms (D:2)
  3 dart slugs
  48 orcs
  4 endoplasms
  4 giant cockroaches
  15 goblins
  4 hobgoblins
  7 jackals
  10 kobolds
  6 quokkas
  7 ball pythons
  11 bats
  5 frilled lizards
  4 rats
347 creatures vanquished.

Vanquished Creatures (collateral kills)
  15 foxfires
15 creatures vanquished.

Vanquished Creatures (others)
  6 demonic plants (D:1)
  1367 foxfires
  14 fungi
  41 plants
  A withered plant (D:1)
1429 creatures vanquished.

Grand Total: 1791 creatures vanquished

Notes
Turn   | Place    | Note
-------+----------+-------------------------------------------
     0 | D:1      | Essalna the Gargoyle Fire Elementalist began the quest for
                  | the Orb.
     0 | D:1      | Reached XP level 1. HP: 10/10 MP: 3/3
   249 | D:1      | Reached XP level 2. HP: 15/15 MP: 1/5
   690 | D:1      | Found a faded altar of an unknown god.
   698 | D:1      | Reached XP level 3. HP: 19/19 MP: 3/6
  1057 | D:1      | You fall into a shaft and drop 1 floor!
  1230 | D:2      | Found Yneph's Antique Weapon Shoppe.
  1242 | D:2      | Reached XP level 4. HP: 24/24 MP: 3/8
  1446 | D:1      | Learned a level 2 spell: Scorch
  3016 | D:4      | Reached skill level 1 in Fighting
  3016 | D:4      | Reached XP level 5. HP: 27/29 MP: 0/9
  3616 | D:4      | Reached XP level 6. HP: 35/35 MP: 6/11
  4365 | D:4      | Found a bloodstained altar of Trog.
  4524 | D:5      | Entered Level 5 of the Dungeon
  4528 | D:5      | Reached XP level 7. HP: 40/40 MP: 5/12
  4789 | D:5      | Reached skill level 5 in Fire Magic
  5239 | D:5      | Found a staircase to the Ecumenical Temple.
  5249 | Temple   | Entered the Ecumenical Temple
  5354 | Temple   | Became a worshipper of Vehumet
  6160 | D:6      | Reached XP level 8. HP: 48/48 MP: 8/15
  6844 | D:6      | Reached skill level 5 in Spellcasting
  6893 | D:6      | Reached skill level 1 in Armour
  7083 | D:6      | Learned a level 4 spell: Flame Wave
  7091 | D:6      | Noticed Edmund
  7101 | D:6      | Killed Edmund
  7102 | D:6      | Reached skill level 5 in Fighting
  8176 | D:7      | Reached XP level 9. HP: 54/54 MP: 8/17
  8189 | D:7      | Reached * piety under Vehumet
  8189 | D:7      | Offered knowledge of Magic Dart by Vehumet.
  9987 | D:8      | Noticed Psyche
 10041 | D:8      | Killed Psyche
 10042 | D:8      | Reached skill level 5 in Conjurations
 10541 | D:8      | Noticed a troll
 10550 | D:8      | Killed a troll
 10551 | D:8      | Reached XP level 10. HP: 4/61 MP: 4/19
 11664 | D:9      | Found a staircase to the Orcish Mines.
 11668 | D:9      | Noticed Prince Ribbit
 11707 | D:9      | Killed Prince Ribbit
 11766 | D:9      | Reached ** piety under Vehumet
 11766 | D:9      | Offered knowledge of Freeze by Vehumet.
 12239 | D:9      | Noticed Erica
 12249 | D:9      | Killed Erica
 12427 | D:9      | Learned a level 5 spell: Fireball
 12531 | D:9      | Found a runed translucent gate.
 12531 | D:9      | Found a runed translucent gate.
 12532 | D:9      | Found a runed translucent gate.
 12532 | D:9      | Noticed waddelsworth's ghost (novice MiFi)
 12546 | D:9      | Found a staircase to the Lair.
 12781 | D:8      | Noticed a rust devil
 12781 | D:8      | Noticed a rust devil
 13277 | D:9      | Reached skill level 5 in Dodging
 13307 | D:9      | Killed waddelsworth's ghost
 13308 | D:9      | Reached XP level 11. HP: 44/68 MP: 4/22
 13309 | Lair:1   | Entered Level 1 of the Lair of Beasts
 13422 | D:9      | Offered knowledge of Searing Ray by Vehumet.
 13643 | D:8      | Identified the +5 morningstar of Fimbulwinter {vorpal,
                  | Stlth+}
 13763 | D:10     | Entered Level 10 of the Dungeon
 14524 | Lair:1   | Reached *** piety under Vehumet
 14808 | Lair:1   | Noticed a seven-headed hydra
 14815 | Lair:1   | Killed a seven-headed hydra
 15679 | Lair:2   | Found a staircase to the Shoals.
 15918 | Lair:2   | Offered knowledge of Dazzling Flash by Vehumet.
 15999 | Lair:2   | Reached XP level 12. HP: 56/76 MP: 9/24
 16512 | Lair:2   | Found a hole to the Spider Nest.
 16613 | Lair:2   | Noticed a five-headed hydra
 16619 | Lair:2   | Killed a five-headed hydra
 17288 | Lair:3   | Noticed Fannar
 17465 | Lair:3   | Reached skill level 10 in Fighting
 17480 | Lair:3   | Killed Fannar
 17481 | Lair:3   | Reached skill level 10 in Fire Magic
 17718 | Lair:3   | Noticed a seven-headed hydra
 17725 | Lair:3   | Reached **** piety under Vehumet
 17730 | Lair:3   | Offered knowledge of Ignite Poison by Vehumet.
 17732 | Lair:3   | Killed a seven-headed hydra
 18091 | Lair:3   | Noticed a five-headed hydra
 18101 | Lair:3   | Killed a five-headed hydra
 18551 | Lair:3   | Reached XP level 13. HP: 78/83 MP: 21/26
 18935 | Lair:3   | Reached skill level 10 in Conjurations
 18975 | Lair:3   | Noticed Gastronok
 18980 | Lair:3   | Slain by a catoblepas

Illustrated notes

Levels and vault maps discovered:
D:1:      roderic_chinese_lattice_arrival, layout_loops_cross,
          shapermc_ecumenical_altar_gd
D:2:      cheibrodos_helix_gallery, layout_basic, serial_shops, shop,
          chequers_serial_rivers_small_b
D:3:      layout_rooms, minmay_misc_feat_rows
D:4:      layout_basic, trog_butcher_becter, st_stairs_2, solitary_fountain,
          serial_bayou_lake_a
D:5:      layout_basic, minmay_temple_entry_gardened_gates, grunt_ministairs_4
D:6:      layout_layer_cave, serial_bayou_pond_c, columned_hall_lemuel,
          uniq_edmund
D:7:      layout_loops_corners
D:8:      cheibrodos_iron_armory, layout_basic, uniq_psyche
D:9:      layout_basic, lair_entry_dummy, david_orc_5,
          biasface_ghost_orc_armoury, uniq_prince_ribbit1, uniq_erica
D:10:     layout_cave_pools
Temple:   nicolae_temple_the_god_donut
Lair:1:   layout_layer_cave
Lair:2:   layout_gridlike, elwin_shoals_entry_rocks, spider_nest_entry_a
Lair:3:   layout_small_grid, portal_ice_cave_entry_pillars_2, special_room
          [special_room_bee], chequers_serial_rivers_room_b,
          serial_bayou_shore_b, infiniplex_staircase_pool, grunt_megastairs_5,
          uniq_gastronok, uniq_fannar

Skill      XL: |  1  2  3  4  5  6  7  8  9 10 11 12 13 |
---------------+----------------------------------------+-----
Conjurations   | 2 3 4 5 7 8 9 10 | 10.0
Spellcasting   | 3 4 5 6 7 8 9 |  9.4
Fighting       | 1 2 4 5 6 8 9 10 | 10.7
Fire Magic     | 4 5 6 7 8 9 10 | 10.5
Armour         | 2 4 |  4.0
Dodging        | 2 4 5 6 7 |  7.5
Stealth        | |  2.1

Action                   |  1- 3 |  4- 6 |  7- 9 | 10-12 | 13-15 || total
-------------------------+-------+-------+-------+-------+-------++-------
Melee: Dagger            |    28 |    49 |    10 |       |       ||    87
       Short sword       |       |       |    33 |   122 |       ||   155
 Cast: Foxfire           |    63 |   120 |   274 |   344 |    12 ||   813
       Scorch            |       |    13 |    35 |    90 |     3 ||   141
       Flame Wave        |       |       |     4 |    44 |     2 ||    50
       Fireball          |       |       |       |     2 |       ||     2
  Use: Scroll            |       |       |     1 |    14 |       ||    15
 Stab: Sleeping          |     1 |     2 |       |       |       ||     3
Armor: Robe              |     6 |    32 |    19 |   102 |     1 ||   160
Dodge: Dodged            |    14 |    30 |    63 |   298 |     5 ||   410

Table legend: (Time is in decaauts)
 A = Elapsed time spent in this place.
 B = Non-inter-level travel time spent in this place.
 C = Inter-level travel time spent in this place.
 D = Time resting spent in this place.
 E = Time spent auto-exploring this place.
 F = Levels seen in this place.
 G = Mean time per level.
                   A        B        C        D        E       F      G
               +--------+--------+--------+--------+--------+-----+--------+
         Total |  19024 |  18343 |    681 |    532 |  15354 |  14 | 1358.9 |
       Dungeon |  13777 |  13273 |    504 |    372 |  11146 |  10 | 1377.7 |
        Temple |    110 |    106 |      4 |      0 |     50 |   1 |  110.0 |
          Lair |   5135 |   4962 |    173 |    160 |   4158 |   3 | 1711.7 |
               +--------+--------+--------+--------+--------+-----+--------+

Top non-repeatable levels by time:
     D:9: 2284 daAuts
     D:7: 1952 daAuts
     D:5: 1798 daAuts
  Lair:2: 1775 daAuts
  Lair:1: 1766 daAuts
  Lair:3: 1594 daAuts
     D:6: 1589 daAuts
     D:4: 1523 daAuts
     D:8: 1482 daAuts
     D:1: 1273 daAuts
     D:2: 914 daAuts
     D:3: 835 daAuts
    D:10: 123 daAuts
  Temple: 110 daAuts
